 Dungeon Crawl Stone Soup version 0.28-a0-1152-g9c71ebef14 (webtiles) character file.

Game seed: 3421826251420423899

104 cheechan the Chiller (level 4, 0/27 HPs)
             Began as an Octopode Ice Elementalist on Dec 14, 2021.
             Succumbed to an adder's poison
             ... on level 2 of the Dungeon.
             The game lasted 00:08:06 (1588 turns).

cheechan the Chiller (Octopode Ice Elementalist)    Turns: 1588, Time: 00:08:07

Health: 0/27       AC:  1    Str:  7    XL:     4   Next: 80%
Magic:  1/7        EV: 13    Int: 19    God:
Gold:   77         SH:  0    Dex: 14    Spells: 7/8 levels left

rFire   . . .      SeeInvis .   d - +0 whip (elec)
rCold   . . .      Faith    .   (no shield)
rNeg    . . .      Spirit   .   (helmet restricted)
rPois   .          Reflect  .   (no amulet)
rElec   .          Harm     .   (no ring)
rCorr   .          Rampage  .   (no ring)
Will    .....                   (no ring)
Stlth   +++.......              (no ring)
HPRegen 0.09/turn               (no ring)
MPRegen 0.10/turn               (no ring)
                                (no ring)
                                (no ring)

@: lethally poisoned (0 -> -6), hasted, very quick
A: almost no armour, amphibious, 8 rings, camouflage 1, gelatinous body 1,
(nimble swimmer 1), tentacles, agile 1, low mp 1
a: no special abilities


You were on level 2 of the Dungeon.
You visited 1 branch of the dungeon, and saw 2 of its levels.

You collected 77 gold pieces.

Inventory:

Hand Weapons
 a - a +1 dagger of venom
 b - a +0 quarterstaff
 d - a +0 whip of electrocution (weapon)
Missiles
 e - 17 bolts
 h - 39 stones (quivered)
Jewellery
 l - a +6 ring of strength
Wands
 k - a wand of mindburst (19)
Potions
 c - 2 potions of invisibility
 g - a potion of cancellation
 i - a potion of brilliance {unknown}
 m - a potion of lignification {unknown}
 n - a potion of attraction {unknown}


   Skills:
 + Level 0.6 Fighting
 + Level 0.9 Throwing
 + Level 2.1 Dodging
 + Level 2.8 Stealth
 + Level 2.8 Spellcasting
 + Level 5.1 Ice Magic


You had 7 spell levels left.
You knew the following spells:

 Your Spells              Type           Power      Damage    Failure   Level
a - Freeze                Ice            88%        1d10      1%          1

Your spell library contained the following spells:

 Spells                   Type           Power      Damage    Failure   Level
 Frozen Ramparts          Ice            44%        1d6       5%          3
 Ozocubu's Armour         Ice            22%        N/A       5%          3
 Hailstorm                Conj/Ice       12%        3d5       47%         4


Dungeon Overview and Level Annotations

Branches:
Dungeon (2/15)

Altars:


Innate Abilities, Weirdness & Mutations

You cannot wear most types of armour.
You are amphibious.
You can wear up to eight rings at the same time.
Your skin changes colour to match your surroundings (Stealth+).
Your rubbery body absorbs attacks. (AC +1, EV +1)
((You are camouflaged near water. (Stealth+)))
You have tentacles for arms and can constrict up to eight enemies at once.
You are agile. (Dex +2)
Your magical capacity is low. (-10% MP)


Message History

You feel less energetic.
You feel agile.
There is an open door here.
You see here a ball python corpse.
An adder comes into view.
The adder hisses angrily.
The adder completely misses you.
There is an open door here.
Casting: Freeze (safe; 1% risk of failure)
Confirm with . or Enter, or press ? or * to list all spells.
Aiming: Freeze (safe; 1% risk of failure)
Press: ? - help, Shift-Dir - straight line, f - adder
Aim: an adder You freeze the adder.
The adder is lightly wounded.
The adder bites you.
Unknown command.
Casting: Freeze (safe; 1% risk of failure)
Confirm with . or Enter, or press ? or * to list all spells.
Aiming: Freeze (safe; 1% risk of failure)
Press: ? - help, Shift-Dir - straight line, f/p - adder
Aim: an adder (lightly wounded)
You freeze the adder.
The adder is heavily wounded.
The adder bites you.
You are poisoned.
The adder poisons you!
You closely miss the adder. You grab the adder.
The adder is heavily wounded.
You constrict the adder.
You feel sick. The adder bites you.
* * * LOW HITPOINT WARNING * * *
You are lethally poisoned!
The adder poisons you! The adder bites you.
* * * LOW HITPOINT WARNING * * *
You hit the adder but do no damage.
The adder is heavily wounded.
You constrict the adder.
* * * LOW HITPOINT WARNING * * *
You feel sick. The adder closely misses you.
It was a potion of haste.
You feel yourself speed up.
You constrict the adder.
You die...

#.#.##......).........
..#.##...............#
###.##..#'####'####+##
#.##..#..#.....#
#.###†#.†#.....# #.#
#.####.....####
#.###.#..#.....#..#
#..[..#..†.....'..#
#..#######'###@####
#..# #..#.S# #..#
#..+..# ###..# #######
.....# .....# ##.###
#.# #.#


You could see an adder.

Vanquished Creatures
  6 adders (D:2)
  A dart slug (D:1)
  An orc (D:2)
  5 ball pythons (D:2)
  4 bats (D:1)
  4 endoplasms
  A giant cockroach (D:2)
  2 goblins (D:1)
  4 hobgoblins (D:2)
  6 jackals
  A quokka (D:2)
  A frilled lizard (D:2)
  4 kobolds
  6 rats
46 creatures vanquished.

Notes
Turn   | Place    | Note
-------+----------+-------------------------------------------
     0 | D:1      | cheechan the Octopode Ice Elementalist began the quest for
                  | the Orb.
     0 | D:1      | Reached XP level 1. HP: 11/11 MP: 3/3
   140 | D:1      | Reached XP level 2. HP: 11/17 MP: 0/5
   412 | D:1      | Found a faded altar of an unknown god.
   821 | D:2      | Reached XP level 3. HP: 15/21 MP: 6/6
  1017 | D:2      | Reached skill level 5 in Ice Magic
  1132 | D:2      | Reached XP level 4. HP: 6/27 MP: 4/7
  1576 | D:2      | Gained mutation: Your magical capacity is low. (-10% MP)
                  | [potion of mutation]
  1576 | D:2      | Gained mutation: You are agile. (Dex +2) [potion of
                  | mutation]
  1587 | D:2      | HP: 1/27 [poisoned by an adder]
  1588 | D:2      | Succumbed to an adder's poison

Illustrated notes

Levels and vault maps discovered:
D:1:      saegor_arrival_fortress, layout_rooms,
          shapermc_ecumenical_altar_mp_vishouse
D:2:      kennysheep_six_static_rooms, layout_loops_ring, minmay_snake_closets

Skill      XL: |  1  2  3 |
---------------+----------+-----
Ice Magic      | 5 |  5.1
Fighting       | |  0.6
Throwing       | |  0.9
Dodging        | |  2.1
Stealth        | |  2.8
Spellcasting   | |  2.8

Action                   |  1- 3 |  4- 6 || total
-------------------------+-------+-------++-------
Melee: Whip              |    12 |     9 ||    21
       Constrict         |     1 |     3 ||     4
       Tentacles         |     1 |     1 ||     2
Throw: Boomerang         |    17 |       ||    17
       Stone             |     1 |       ||     1
 Cast: Freeze            |    44 |    13 ||    57
  Use: Scroll            |     5 |     2 ||     7
       Potion            |       |     2 ||     2
Armor: Skin              |     7 |     1 ||     8
Dodge: Dodged            |    33 |    11 ||    44

Table legend: (Time is in decaauts)
 A = Elapsed time spent in this place.
 B = Non-inter-level travel time spent in this place.
 C = Inter-level travel time spent in this place.
 D = Time resting spent in this place.
 E = Time spent auto-exploring this place.
 F = Levels seen in this place.
 G = Mean time per level.
                   A        B        C        D        E       F      G
               +--------+--------+--------+--------+--------+-----+--------+
         Total |   1594 |   1594 |      0 |    311 |      0 |   2 |  797.0 |
       Dungeon |   1594 |   1594 |      0 |    311 |      0 |   2 |  797.0 |
               +--------+--------+--------+--------+--------+-----+--------+

Top non-repeatable levels by time:
     D:2: 853 daAuts
     D:1: 740 daAuts
